Map: [ESL] Site Delta

Players

ShoWTimE - Winner!

  • Race: Protoss Protoss
  • Spawn Location: 11:00

MaxPax

  • Race: Protoss Protoss
  • Spawn Location: 5:00

Event: ESL SC2 Masters 2024 Spring (Regional)

VOD

Have the link to the VOD?

Description

Time

  • Played on: April 17, 2024, 11:43 a.m.
  • Length: 13:12

All games in this series

Show
View Real Time Build Order
Export as new Build Order

ShoWTimE Protoss - Winner!

Build Orders: Phoenix Opening, Carriers, Mass Phoenix 

Get SALT Encoding   

  12  0:00  Probe  
  13  0:12  Probe  
  14  0:19  Pylon  
  14  0:24  Probe  
  15  0:37  Probe (Chrono Boost)  
  15  0:38  Gateway  
  16  0:46  Assimilator, Probe (Chrono Boost)  
  17  0:51  Probe (Chrono Boost)  
  18  1:03  Probe  
  19  1:15  Probe (Chrono Boost)  
  19  1:18  Assimilator  
  20  1:19  Pylon  
  20  1:25  Cybernetics Core  
  21  1:26  Probe (Chrono Boost)  
  21  1:31  Probe (Chrono Boost)  
  22  1:37  Zealot  
  24  1:42  Probe  
  25  1:54  Probe  
  26  2:06  Stargate, Adept  
  28  2:12  Probe  
  29  2:26  Nexus  
  29  2:33  Pylon  
  29  2:48  Phoenix (Chrono Boost)  
  29  2:51  Probe  
  32  3:01  Shield Battery  
  32  3:03  Probe  
  32  3:04  Phoenix (Chrono Boost)  
  35  3:15  Probe  
  35  3:16  Assimilator  
  36  3:23  Phoenix (Chrono Boost)  
  38  3:27  Probe  
  39  3:39  Probe (Chrono Boost)  
  41  3:44  Phoenix, Probe (Chrono Boost)  
  43  3:50  Stargate, Probe (Chrono Boost)  
  43  3:54  Probe (Chrono Boost)  
  43  3:55  Probe (Chrono Boost)  
  46  4:03  Pylon, Probe  
  46  4:06  Probe  
  46  4:08  Assimilator  
  48  4:12  Phoenix (Chrono Boost)  
  48  4:16  Probe  
  51  4:18  Probe  
  52  4:28  Probe  
  52  4:30  Phoenix (Chrono Boost)  
  53  4:34  Probe  
  53  4:35  Pylon  
  58  4:40  Probe  
  58  4:43  Phoenix (Chrono Boost)  
  59  4:46  Probe  
  59  4:51  Phoenix (Chrono Boost)  
  59  4:52  Pylon, Probe  
  61  4:58  Probe  
  64  5:05  Phoenix (Chrono Boost)  
  66  5:08  Phoenix (Chrono Boost)  
  66  5:19  Fleet Beacon, Probe  
  67  5:24  Probe  
  70  5:34  Phoenix (Chrono Boost)  
  70  5:36  Pylon, Phoenix (Chrono Boost)  
  72  5:44  Nexus  
  72  5:48  Probe x2  
  74  5:52  Phoenix  
  76  5:58  Anion Pulse-Crystals (Chrono Boost)  
  76  6:00  Probe x2  
  78  6:06  Phoenix  
  78  6:09  Pylon  
  80  6:12  Probe x2  
  80  6:17  Phoenix  
  84  6:24  Probe  
  84  6:25  Probe  
  86  6:26  Assimilator  
  86  6:31  Assimilator, Phoenix  
  88  6:36  Probe  
  88  6:37  Pylon, Probe  
  90  6:43  Phoenix (Chrono Boost)  
  92  6:49  Probe x2  
  94  6:56  Phoenix (Chrono Boost)  
  94  6:58  Probe  
  94  7:01  Probe x2  
  99  7:05  Phoenix (Chrono Boost)  
  99  7:10  Probe  
  99  7:12  Pylon  
  99  7:13  Probe x2  
  99  7:14  Phoenix (Chrono Boost)  
  105  7:23  Pylon  
  105  7:25  Pylon  
  105  7:26  Probe (Chrono Boost)  
  105  7:29  Phoenix  
  114  7:30  Probe (Chrono Boost)  
  114  7:33  Mothership (Chrono Boost)  
  114  7:36  Phoenix  
  117  7:38  Probe (Chrono Boost)  
  117  7:39  Probe (Chrono Boost)  
  116  7:44  Nexus  
  116  7:48  Robotics Facility  
  116  7:50  Probe x2  
  118  8:00  Pylon  
  118  8:02  Stargate, Probe  
  118  8:05  Phoenix x2  
  121  8:10  Assimilator  
  121  8:11  Probe (Chrono Boost)  
  124  8:14  Assimilator  
  125  8:20  Protoss Air Weapons Level 1 (Chrono Boost)  
  125  8:21  Sentry  
  125  8:22  Probe (Chrono Boost)  
  125  8:25  Pylon  
  128  8:27  Probe (Chrono Boost)  
  128  8:30  Probe (Chrono Boost)  
  128  8:33  Observer  
  128  8:34  Phoenix (Chrono Boost), Probe  
  134  8:35  Phoenix (Chrono Boost)  
  134  8:37  Pylon  
  135  8:42  Carrier (Chrono Boost)  
  135  8:43  Shield Battery  
  141  8:49  Probe x2  
  141  8:50  Cybernetics Core, Probe  
  141  8:52  Sentry, Forge  
  146  9:03  Protoss Shields Level 1  
  146  9:05  Carrier  
  152  9:11  Shield Battery  
  152  9:15  Pylon  
  152  9:16  Pylon  
  152  9:19  Nexus  
  152  9:24  Observer  
  152  9:26  Carrier  
  152  9:28  Pylon  
  159  9:34  Assimilator  
  159  9:38  Assimilator, Probe  
  159  9:39  Probe x3  
  159  9:43  Protoss Air Armor Level 1 (Chrono Boost)  
  159  9:44  Carrier  
  169  9:50  Photon Cannon  
  169  9:55  Photon Cannon  
  169  9:56  Shield Battery  
  169  9:58  Photon Cannon  
  169  9:59  Stargate  
  169  10:12  Stargate  
  169  10:19  Protoss Air Weapons Level 2 (Chrono Boost)  
  175  10:26  Twilight Council  
  175  10:28  Pylon, Carrier (Chrono Boost)  
  175  10:30  Carrier (Chrono Boost)  
  181  10:40  Pylon  
  187  10:51  Carrier (Chrono Boost)  
  193  10:59  Carrier (Chrono Boost)  
  193  11:03  Carrier  
  199  11:11  Nexus  
  199  11:13  Pylon  
  199  11:25  Assimilator  
  199  11:29  Assimilator, Photon Cannon  
  199  11:30  Photon Cannon  
  199  11:31  Pylon  
  199  11:32  Pylon  
  199  11:38  Stargate  
  199  11:51  Carrier  
  199  11:53  Carrier  
  195  12:06  Carrier  
  198  12:26  Nexus  
  198  12:28  Pylon  
  197  12:38  Pylon  
Show
View Real Time Build Order
Export as new Build Order

MaxPax Protoss 

Build Orders: Phoenix Opening, Carriers, Mass Phoenix 

Get SALT Encoding   

  12  0:00  Probe  
  13  0:12  Probe  
  14  0:19  Pylon  
  14  0:24  Probe  
  15  0:38  Probe (Chrono Boost)  
  15  0:39  Gateway  
  16  0:46  Probe (Chrono Boost)  
  16  0:47  Assimilator  
  17  0:52  Probe  
  17  0:56  Assimilator  
  18  1:04  Probe  
  19  1:17  Pylon, Probe (Chrono Boost)  
  21  1:26  Cybernetics Core, Probe (Chrono Boost)  
  21  1:31  Probe (Chrono Boost)  
  21  1:35  Zealot  
  24  1:43  Probe  
  25  1:55  Probe  
  26  2:06  Stargate, Adept  
  28  2:22  Nexus  
  28  2:29  Pylon  
  28  2:33  Probe  
  29  2:45  Probe  
  29  2:50  Phoenix (Chrono Boost)  
  32  2:57  Probe  
  33  3:05  Phoenix (Chrono Boost)  
  33  3:09  Probe  
  34  3:17  Stargate  
  34  3:21  Probe  
  34  3:23  Assimilator  
  35  3:30  Phoenix  
  38  3:34  Probe x2 (Chrono Boost)  
  38  3:43  Probe x2 (Chrono Boost)  
  40  3:48  Probe x2 (Chrono Boost)  
  42  3:55  Phoenix (Chrono Boost)  
  42  4:00  Probe  
  42  4:01  Probe  
  48  4:10  Phoenix (Chrono Boost)  
  48  4:12  Pylon, Probe  
  48  4:13  Probe  
  50  4:18  Phoenix (Chrono Boost)  
  52  4:24  Probe  
  52  4:25  Probe  
  52  4:31  Phoenix (Chrono Boost)  
  56  4:37  Probe  
  56  4:38  Phoenix  
  59  4:41  Probe  
  59  4:42  Pylon  
  60  4:46  Assimilator  
  60  4:50  Probe  
  61  4:55  Probe  
  62  5:00  Phoenix  
  62  5:03  Phoenix  
  66  5:09  Probe  
  66  5:10  Probe  
  64  5:27  Fleet Beacon, Nexus  
  64  5:30  Probe x2  
  64  5:32  Phoenix (Chrono Boost)  
  68  5:39  Pylon  
  70  5:49  Phoenix (Chrono Boost)  
  70  5:52  Pylon  
  70  5:57  Phoenix (Chrono Boost), Probe x2  
  74  6:07  Pylon  
  74  6:09  Probe x2, Anion Pulse-Crystals (Chrono Boost)  
  74  6:10  Phoenix (Chrono Boost)  
  77  6:12  Assimilator  
  77  6:15  Assimilator  
  77  6:19  Pylon  
  77  6:21  Probe  
  78  6:25  Phoenix (Chrono Boost), Probe  
  78  6:28  Pylon  
  81  6:33  Probe  
  81  6:34  Pylon  
  81  6:38  Probe  
  85  6:40  Phoenix (Chrono Boost)  
  85  6:43  Phoenix (Chrono Boost)  
  85  6:46  Probe  
  88  6:48  Pylon  
  88  6:53  Probe x2  
  90  6:58  Probe  
  90  7:04  Pylon  
  90  7:05  Probe  
  90  7:06  Probe  
  90  7:07  Phoenix x2 (Chrono Boost)  
  93  7:10  Probe  
  94  7:17  Probe  
  97  7:23  Probe  
  97  7:25  Phoenix (Chrono Boost)  
  97  7:29  Probe  
  107  7:30  Mothership (Chrono Boost)  
  107  7:32  Phoenix (Chrono Boost)  
  107  7:35  Probe  
  108  7:41  Probe  
  108  7:43  Phoenix (Chrono Boost)  
  110  7:45  Nexus  
  110  7:47  Probe  
  111  7:53  Probe  
  111  7:58  Pylon  
  117  8:02  Probe (Chrono Boost)  
  117  8:05  Carrier (Chrono Boost)  
  124  8:07  Shield Battery  
  124  8:09  Carrier (Chrono Boost)  
  125  8:12  Pylon  
  125  8:14  Probe (Chrono Boost)  
  125  8:18  Stargate, Probe (Chrono Boost)  
  126  8:23  Probe  
  127  8:27  Cybernetics Core  
  127  8:28  Sentry, Probe  
  127  8:31  Pylon  
  127  8:32  Protoss Air Weapons Level 1 (Chrono Boost)  
  129  8:35  Probe  
  129  8:40  Probe  
  131  8:45  Forge  
  132  8:48  Probe  
  132  8:50  Assimilator  
  132  8:53  Assimilator  
  132  8:54  Oracle (Chrono Boost)  
  134  8:55  Stargate  
  134  8:57  Probe  
  134  8:58  Probe  
  138  9:04  Carrier  
  138  9:07  Probe x2  
  144  9:17  Carrier  
  144  9:23  Pylon, Robotics Facility  
  150  9:27  Probe x3  
  150  9:29  Nexus  
  153  9:41  Carrier (Chrono Boost)  
  159  9:47  Protoss Shields Level 1 (Chrono Boost)  
  159  9:48  Pylon  
  159  9:51  Protoss Air Armor Level 1 (Chrono Boost)  
  159  9:55  Pylon, Probe x2  
  159  9:58  Pylon  
  173  10:16  Pylon, Carrier (Chrono Boost)  
  173  10:17  Probe  
  174  10:27  Assimilator  
  174  10:28  Carrier (Chrono Boost)  
  179  10:32  Assimilator  
  179  10:33  Carrier (Chrono Boost)  
  179  10:40  Sentry  
  181  10:44  Protoss Air Weapons Level 2 (Chrono Boost)  
  181  10:47  Carrier (Chrono Boost)  
  187  10:55  Twilight Council  
  192  11:17  Carrier (Chrono Boost)  
  192  11:18  Nexus  
  197  11:20  Pylon  
  197  11:21  Carrier (Chrono Boost)  
  197  11:22  Assimilator  
  197  11:27  Assimilator  
  200  11:45  Phoenix  
  185  11:50  Phoenix  
  180  11:58  Observer (Chrono Boost)  
  181  12:10  Phoenix  
  183  12:19  Phoenix  
  183  12:21  Phoenix  
  187  12:29  Oracle (Chrono Boost)  
  175  12:48  Phoenix (Chrono Boost)  
  175  12:49  Phoenix (Chrono Boost)  
  175  12:50  Phoenix (Chrono Boost)  
Tags
 
Add a new tag
Caveats
  • Supply blocks, unpowered buildings, or Contaminate may cause inaccurate times.
  • Supply counts are checked every 10 seconds.